 Dungeon Crawl Stone Soup version 0.30-a0-949-g53dc5368d7 (webtiles) character file.

Game seed: 17710580797009790137

21 DeathPants the Sneak (level 2, 0/16 HPs)
             Began as a Vine Stalker Monk on Mar 27, 2023.
             Succumbed to an adder's poison
             ... on level 2 of the Dungeon.
             The game lasted 00:02:16 (467 turns).

DeathPants the Sneak (Vine Stalker Monk)             Turns: 467, Time: 00:02:17

Health: 0/16       AC:  3    Str: 13    XL:     2   Next: 87%
Magic:  1/3        EV: 13    Int: 10    God:
Gold:   39         SH:  0    Dex: 16    Spells: 1/1 levels left

rFire   . . .      SeeInvis .    a - +1 dagger (elec)
rCold   . . .      Faith    .    (no shield)
rNeg    . . .      Spirit   +    b - +0 robe
rPois   .          Reflect  .    (no helmet)
rElec   .          Rampage  .    d - +0 cloak
rCorr   .                        (no gloves)
Will    .....                    (no boots)
Stlth   ++                       (no amulet)
HPRegen 0.22/turn                (no ring)
MPRegen 0.08/turn                (no ring)

@: lethally poisoned (0 -> -6)
A: fangs 2, magic shield, antimagic bite, no potion heal 2
a: no special abilities


You were on level 2 of the Dungeon.
You visited 1 branch of the dungeon, and saw 2 of its levels.

You collected 39 gold pieces.

Inventory:

Hand Weapons
 a - a +1 dagger of electrocution (weapon)
Missiles
 h - 2 silver boomerangs (quivered)
Armour
 b - a +0 robe (worn)
 d - a +0 cloak (worn)
Scrolls
 g - a scroll of identify {unknown}
Potions
 c - a potion of ambrosia


   Skills:
 + Level 2.9 Fighting
 + Level 2.9 Short Blades
 + Level 2.6 Dodging
 + Level 3.0 Stealth


You had one spell level left.
You didn't know any spells.
Your spell library contained the following spells:

 Spells                   Type           Power      Damage    Failure   Level
 Summon Forest            Summ/Tloc      0%         N/A       100%        5
 Summon Mana Viper        Hex/Summ       0%         N/A       100%        5
 Summon Cactus Giant      Summ           0%         N/A       100%        6


Dungeon Overview and Level Annotations

Branches:
Dungeon (2/15)

Altars:


Innate Abilities, Weirdness & Mutations

You have extremely sharp teeth.
When hurt, damage is shared between your health and your magic reserves.
Your bite disrupts and absorbs the magic of your enemies.
Potions cannot restore your health.


Message History

The adder bites you but does no damage. The adder bites you.
You are poisoned.
The adder poisons you!
You barely miss the adder.
You feel sick. The adder bites you.
You hit the adder.
The adder is moderately wounded.
You feel sick. The adder closely misses you.
You hit the adder. You bite the adder, but do no damage.
The adder is heavily wounded.
You feel sick. The adder misses you.
You miss the adder.
The adder is moderately wounded.
You feel sick. The adder bites you.
You are lethally poisoned!
The adder poisons you!
You closely miss the adder.
The hobgoblin shouts!
Your bite misses the adder.
The adder is moderately wounded.
You feel sick. The adder bites you but does no damage.
You closely miss the adder.
The adder is moderately wounded.
* * * LOW HITPOINT WARNING * * *
You feel sick. The adder bites you.
You barely miss the adder.
The adder is moderately wounded.
* * * LOW HITPOINT WARNING * * *
You feel sick. The adder closely misses you. The adder bites you.
* * * LOW HITPOINT WARNING * * *
You are more poisoned.
The adder poisons you!
Okay, then.
As you read the scroll labelled UGATTA YTALLO, it crumbles to dust.
The scroll dissolves into smoke.
It was a scroll of fog.
* * * LOW HITPOINT WARNING * * *
You feel sick. The adder bites you.
Nothing appears to happen.
As you read the scroll labelled TAUCHISUHAA, it crumbles to dust.
It was a scroll of poison.
You die...

#.# #.# ... ...
#.# #§# # #S# .
####.##@#### ._.
.....g§§§§.##..^..
####.##§§§<.......
#. ####.##...## ..
#.# ... ## #.# #
#.# # #.#
#.####.####


You could see an adder and a hobgoblin.

Vanquished Creatures
  4 ball pythons (D:1)
  An endoplasm (D:1)
  A giant cockroach (D:1)
  5 goblins (D:1)
  2 hobgoblins (D:1)
  3 kobolds (D:1)
  A frilled lizard (D:1)
  A rat (D:1)
18 creatures vanquished.

Notes
Turn   | Place    | Note
-------+----------+-------------------------------------------
     0 | D:1      | DeathPants the Vine Stalker Monk began the quest for the
                  | Orb.
     0 | D:1      | Reached XP level 1. HP: 11/11 MP: 2/2
     9 | D:1      | Noticed a bullfrog
   146 | D:1      | Reached XP level 2. HP: 16/16 MP: 3/3
   370 | D:1      | Reached skill level 3 in Stealth
   452 | D:2      | Found a faded altar of an unknown god.
   467 | D:2      | Succumbed to an adder's poison

Illustrated notes

Levels and vault maps discovered:
D:1:      evilmike_arrival_come_back, layout_loops_ring, roderic_roman_lattice,
          grunt_decor_junction, minmay_three_crescents
D:2:      layout_loops_ring, ebering_ecumenical_altar_webs, basic_altar,
          minmay_pentomino_q4

Skill      XL: |  1  2 |
---------------+-------+-----
Stealth        | 3 |  3.0
Fighting       | |  2.9
Short Blades   | |  2.9
Dodging        | |  2.6

Action                     || total
---------------------------++-------
  Melee: Short sword       ||    36
         Bite              ||    14
         Dagger            ||    17
    Use: Scroll            ||     2
   Stab: Sleeping          ||     6
 Armour: Robe              ||     7
  Dodge: Dodged            ||    19

Table legend: (Time is in decaauts)
 A = Elapsed time spent in this place.
 B = Non-inter-level travel time spent in this place.
 C = Inter-level travel time spent in this place.
 D = Time resting spent in this place.
 E = Time spent auto-exploring this place.
 F = Levels seen in this place.
 G = Mean time per level.
                   A        B        C        D        E       F      G
               +--------+--------+--------+--------+--------+-----+--------+
         Total |    459 |    459 |      0 |      0 |    292 |   2 |  229.5 |
       Dungeon |    459 |    459 |      0 |      0 |    292 |   2 |  229.5 |
               +--------+--------+--------+--------+--------+-----+--------+

Top non-repeatable levels by time:
     D:1: 442 daAuts
     D:2: 17 daAuts
